 Dungeon Crawl Stone Soup version 0.21.1-1-g345015f (webtiles) character file.

5859 empire the Carver (level 10, -7/77 HPs)
             Began as a Minotaur Fighter on Apr 20, 2018.
             Was a High Priest of Cheibriados.
             Mangled by a two-headed ogre
             ... wielding a +0 giant club
              (17 damage)
             ... on level 10 of the Dungeon.
             The game lasted 00:16:04 (6640 turns).

empire the Carver (Minotaur Fighter)                Turns: 6640, Time: 00:16:04

Health: -7/77      AC: 16    Str: 38    XL:     10   Next: 52%
Magic:  13/13      EV: 13    Int: 20    God:    Cheibriados [*****.]
Gold:   404        SH:  0    Dex: 23    Spells: 9/9 levels left

rFire    . . .     SeeInvis .   a - +0 long sword
rCold    + . .     Gourm    .   c - +0 shield
rNeg     + + .     Faith    .   y - +1 chain mail {rC+}
rPois    .         Spirit   .   x - +1 hat
rElec    .         Reflect  .   (no cloak)
rCorr    +         Harm     .   s - +3 pair of gloves "Xeacuxat" {rN++ MR- rCorr Int+4}
MR       .....                  (no boots)
Stlth    ..........             (no amulet)
HPRegen  0.22/turn              h - +5 ring of strength
MPRegen  0.13/turn              (no ring)

@: confused, very slow
A: retaliatory headbutt, horns 2
a: Bend Time, Temporal Distortion, Slouch, Step From Time, Renounce Religion


You were on level 10 of the Dungeon.
You worshipped Cheibriados.
Cheibriados was extremely pleased with you.
You were not hungry.

You visited 2 branches of the dungeon, and saw 11 of its levels.

You collected 574 gold pieces.
You spent 170 gold pieces at shops.

Inventory:

Hand Weapons
 a - a +0 long sword (weapon)
 o - a +2 great mace of protection
Missiles
 v - 4 tomahawks (quivered)
Armour
 c - a +0 shield (worn)
 s - the +3 pair of gloves "Xeacuxat" (worn) {rN++ MR- rCorr Int+4}
   (You found it on level 8 of the Dungeon)

   It affects your intelligence (+4).
   It greatly protects you from negative energy.
   It affects your resistance to hostile enchantments.
   It protects you from acid and corrosion.
 x - a +1 hat (worn)
 y - a +1 chain mail of cold resistance (worn)
Magical Staves
 k - an uncursed staff of wizardry
Jewellery
 h - a +5 ring of strength (left hand)
Wands
 l - a wand of polymorph (12)
 u - a wand of flame (30)
 A - a wand of digging (11)
 C - a wand of disintegration (14)
Scrolls
 b - a scroll of teleportation
 d - a scroll of magic mapping
 e - 6 scrolls of remove curse
 p - a scroll of enchant armour
 q - 2 scrolls of fog {unknown}
 r - a scroll of silence {unknown}
 t - 3 scrolls of amnesia {unknown}
 w - a scroll of blinking
 B - a scroll of holy word {unknown}
Potions
 j - a potion of flight
 m - a potion of mutation {unknown}
 n - a potion of resistance {unknown}
 z - a potion of might
 D - a potion of degeneration {unknown}
Miscellaneous
 E - a lamp of fire
Comestibles
 f - 26 rations
 g - 7 chunks of flesh


   Skills:
 - Level 3.6 Fighting
 + Level 9.3 Long Blades
 - Level 6.0 Throwing
 + Level 6.4 Armour
 + Level 6.3 Dodging
 + Level 6.4 Shields
 - Level 6.0 Invocations
 - Level 6.1 Evocations


You had 9 spell levels left.
You didn't know any spells.

Dungeon Overview and Level Annotations

Branches:
Dungeon (10/15)            Temple (1/1) D:4
   Lair: D:8-11         Orc: D:9-12

Altars:
Ashenzari
Cheibriados
Dithmenos
Elyvilon
Fedhas
Gozag
Hepliaklqana
Kikubaaqudgha
Makhleb
Nemelex Xobeh
Okawaru
Qazlal
Ru
Sif Muna
Trog
Uskayaw
Vehumet
Wu Jian
Xom
Yredelemnul
Zin
The Shining One

Shops:
D:4 *!%(


Innate Abilities, Weirdness & Mutations

You reflexively headbutt those who attack you in melee.
You have a pair of horns on your head.


Message History

The two-headed ogre barely misses you. Something barely misses you.
You hit the orc.
The orc is severely wounded.
The orc barely misses you. Something hits you but does no damage.
The two-headed ogre hits you with a giant club!!
* * * LOW HITPOINT WARNING * * *
The two-headed ogre misses you.
Unknown command.
You slash the orc!
You kill the orc!
Cheibriados appreciates the change of pace.
Something hits you.
* * * LOW HITPOINT WARNING * * *
The two-headed ogre barely misses you. The two-headed ogre closely misses you.
You slash the two-headed ogre! You headbutt the two-headed ogre.
The two-headed ogre is severely wounded.
Something hits you but does no damage.
You are electrocuted!
* * * LOW HITPOINT WARNING * * *
The two-headed ogre hits you with a giant club!
You die...

######>####.#
.###...........#.
..#..........)..#
.................
#...............
#...............
#...............
#..(>..@O.......
#.....)))......#
#.#((((.#.....##
#.###..##.#####
#..#..## .#
##...## .###
##..# ##.#..
####.# #..#.#
#...<# #.##.#


You could see a two-headed ogre.

Vanquished Creatures
  A two-headed ogre (D:8)
  The ghost of ZomBoFoB the Cudgeler, a novice OgGl (D:5)
  Prince Ribbit (D:5)
  Grinder (D:4)
  2 hippogriffs
  A hungry ghost (D:7)
  A water moccasin (D:8)
  2 orc warriors
  A sky beast (D:7)
  3 ice beasts
  4 phantoms
  2 black bears (D:9)
  4 ogres
  A necrophage (D:5)
  3 centaurs
  6 bullfrogs
  2 scorpions
  5 killer bees (D:9)
  A vampire bat (D:8)
  A howler monkey (D:5)
  A quasit (D:8)
  3 crimson imps
  6 orc priests
  4 jellies (D:8)
  5 hounds
  8 orc wizards
  3 iguanas
  A bullfrog skeleton (D:8)
  6 worker ants
  A hound skeleton (D:6)
  A worker ant zombie (D:7)
  Robin (D:4)
  3 gnolls (D:6)
  10 adders
  2 shadow imps
  6 oozes
  2 worms (D:2)
  4 dart slugs
  7 leopard geckos
  33 orcs
  2 ball pythons
  2 bat skeletons (D:8)
  3 bat zombies (D:8)
  7 giant cockroaches
  14 goblins
  8 hobgoblins
  5 jackals
  3 quokkas
  3 bats
  3 frilled lizards
  8 kobolds
  A leopard gecko skeleton (D:5)
  A quokka skeleton (D:4)
  6 rats
216 creatures vanquished.

Notes
Turn   | Place    | Note
-------+----------+-------------------------------------------
     0 | D:1      | empire the Minotaur Fighter began the quest for the Orb.
     0 | D:1      | Reached XP level 1. HP: 19/19 MP: 0/0
    39 | D:1      | Reached XP level 2. HP: 18/26 MP: 1/1
    42 | D:1      | Reached skill level 3 in Long Blades
   534 | D:2      | Reached XP level 3. HP: 31/31 MP: 2/2
   623 | D:2      | Found a sparkling altar of Nemelex Xobeh.
   870 | D:3      | Reached skill level 4 in Long Blades
   870 | D:3      | Reached XP level 4. HP: 33/39 MP: 3/3
  1681 | D:4      | Noticed Grinder
  1690 | D:4      | Killed Grinder
  1690 | D:4      | Reached skill level 5 in Long Blades
  1690 | D:4      | Reached skill level 5 in Armour
  1690 | D:4      | Reached skill level 5 in Shields
  1690 | D:4      | Reached XP level 5. HP: 27/45 MP: 4/4
  1690 | D:4      | Reached XP level 6. HP: 31/51 MP: 5/5
  1774 | D:4      | Reached skill level 6 in Long Blades
  1784 | D:4      | Found Muzer's Assorted Antiques.
  1792 | D:4      | Bought a scroll of identify for 46 gold pieces
  1792 | D:4      | Bought a scroll of teleportation for 69 gold pieces
  1859 | D:4      | Found Nitotiupp's Weapon Shoppe.
  1938 | D:4      | Found Aschas's Food Shoppe.
  1968 | D:4      | Found a hide-covered altar of Uskayaw.
  1968 | D:4      | Found an iron altar of Okawaru.
  2031 | D:4      | Found an iron altar of Okawaru.
  2085 | D:4      | Found Kuawuzxym's Distillery.
  2095 | D:4      | Bought a potion of heal wounds for 55 gold pieces
  2121 | D:4      | Found a staircase to the Ecumenical Temple.
  2131 | Temple   | Entered the Ecumenical Temple
  2263 | Temple   | Became a worshipper of Cheibriados the Contemplative
  2340 | D:4      | Noticed Robin
  2357 | D:4      | Killed Robin
  2385 | D:4      | Found a radiant altar of Vehumet.
  2486 | D:5      | Entered Level 5 of the Dungeon
  2514 | D:5      | Reached * piety under Cheibriados
  2514 | D:5      | Reached skill level 7 in Long Blades
  2525 | D:5      | Noticed ZomBoFoB's ghost (novice OgGl)
  2547 | D:5      | Killed ZomBoFoB's ghost
  2547 | D:5      | Reached skill level 8 in Long Blades
  2547 | D:5      | Reached skill level 1 in Dodging
  2547 | D:5      | Reached XP level 7. HP: 34/57 MP: 6/6
  2671 | D:5      | Reached XP level 8. HP: 56/64 MP: 7/7
  2736 | D:5      | Found a white marble altar of Elyvilon.
  2840 | D:5      | Reached skill level 5 in Dodging
  3276 | D:5      | Noticed Prince Ribbit
  3295 | D:5      | Killed Prince Ribbit
  3295 | D:5      | Reached skill level 1 in Invocations
  3295 | D:5      | Reached skill level 1 in Evocations
  3697 | D:6      | Reached ** piety under Cheibriados
  3718 | D:6      | Found a glowing golden altar of the Shining One.
  4210 | D:7      | Reached skill level 9 in Long Blades
  4210 | D:7      | Reached XP level 9. HP: 58/70 MP: 8/10
  4287 | D:7      | Found a shattered altar of Ashenzari.
  4376 | D:7      | Reached skill level 1 in Throwing
  4388 | D:7      | Reached *** piety under Cheibriados
  5158 | D:8      | Reached skill level 5 in Invocations
  5241 | D:8      | Got a pair of polished gloves
  5247 | D:8      | Identified the +3 pair of gloves "Xeacuxat" {rN++ MR- rCorr Int+4} (You found it on level 8 of the Dungeon)
  5312 | D:8      | Noticed a two-headed ogre
  5318 | D:8      | Killed a two-headed ogre
  5318 | D:8      | Reached skill level 5 in Evocations
  5318 | D:8      | Reached XP level 10. HP: 58/77 MP: 13/13
  5439 | D:8      | Reached **** piety under Cheibriados
  5742 | D:8      | Found a shimmering altar of Xom.
  5829 | D:8      | Found an ancient bone altar of Kikubaaqudgha.
  5873 | D:8      | Reached skill level 5 in Throwing
  6103 | D:9      | Reached ***** piety under Cheibriados
  6219 | D:9      | Found an ornate altar of the Wu Jian Council.
  6367 | D:9      | Found a bloodstained altar of Trog.
  6560 | D:10     | Entered Level 10 of the Dungeon
  6629 | D:10     | Noticed a two-headed ogre
  6640 | D:10     | Mangled by a two-headed ogre

Skill      XL: |  1  2  3  4  5  6  7  8  9 10 |
---------------+-------------------------------+-----
Long Blades    | 3 4 5 8 9 |  9.3
Armour         | 4 5 6 |  6.4
Shields        | 4 5 6 |  6.4
Dodging        | 1 3 6 |  6.3
Invocations    | 2 5 6 |  6.0
Evocations     | 2 5 6 |  6.1
Throwing       | 4 6 |  6.0
Fighting       | |  3.6

Action                   |  1- 3 |  4- 6 |  7- 9 | 10-12 || total
-------------------------+-------+-------+-------+-------++-------
Melee: Long sword        |    52 |    96 |   260 |   129 ||   537
       Headbutt          |    15 |    23 |    74 |    46 ||   158
  Use: Scroll            |     5 |     2 |     6 |     1 ||    14
       Potion            |       |     3 |     2 |     1 ||     6
  Eat: Chunk             |       |     5 |     6 |     3 ||    14
Armor: Scale mail        |    16 |       |       |       ||    16
       Chain mail        |     1 |    43 |    78 |    79 ||   201
Dodge: Dodged            |    25 |    23 |    92 |    84 ||   224
Block: Shield            |    24 |    48 |   157 |   122 ||   351
       Rpst.: Long sword |     7 |     7 |    21 |    10 ||    45
